 Dungeon Crawl Stone Soup version 0.32-a0-705-g60f233581c (webtiles) character file.

Game seed: 8687711348052403028

1027 Ruich the Shooter (level 7, -18/60 HPs)
             Began as a Demigod Hunter on Mar 15, 2024.
             Killed by an exploding shadow imp (28 damage)
             ... ignited by their inner flame
             ... on level 5 of the Dungeon.
             The game lasted 00:08:02 (3537 turns).

Ruich the Shooter (Demigod Hunter)                  Turns: 3537, Time: 00:08:03

Health: -18/60     AC:  9    Str: 12    XL:     7   Next: 72%
Magic:  9/9        EV:  8    Int: 11    God:
Gold:   204        SH:  0    Dex: 25    Spells: 6/6 levels left

rFire   . . .        a - +0 shortbow
rCold   . . .        (shield currently unavailable)
rNeg    . . .        h - +0 scale mail
rPois   +            n - +0 helmet
rElec   .            o - +0 cloak
rCorr   +            i - +0 pair of gloves
SInv    .            (no boots)
Will    .....        (no amulet)
Stlth   ++           d - ring "Lyegiech" {rPois rCorr Slay+6}
HPRegen 0.30/turn    w - ring of resist corrosion
MPRegen 0.11/turn

%: no passive effects
@: no status effects
A: high MP 1, forlorn, divine attributes
a: no special abilities


You were on level 5 of the Dungeon.
You visited 1 branch of the dungeon, and saw 5 of its levels.
You also visited: Sewer.

You collected 204 gold pieces.


Innate Abilities, Weirdness & Mutations

You have an increased reservoir of magic. (+10% MP)
You shall have no god before yourself.
Your divine heritage dramatically boosts your attributes as you level up.


   Skills:
 + Level 4.5 Fighting
 * Level 7.1 Ranged Weapons
 - Level 1.7 Dodging
 + Level 4.5 Stealth


You had 6 spell levels left.
You didn't know any spells.
Your spell library contained the following spells:

 Spells                   Type           Power      Damage    Failure   Level
 Kiss of Death            Conj/Necr      0%         2d5       89%         1
 Blink                    Tloc           0%         N/A       96%         2
 Lesser Beckoning         Tloc           0%         N/A       96%         2
 Momentum Strike          Conj/Tloc      0%         3d8       96%         2
 Call Canine Familiar     Summ           0%         N/A       99%         3
 Confusing Touch          Hex            0%         N/A       99%         3
 Sigil of Binding         Hex            0%         N/A       99%         3
 Dimensional Bullseye     Hex/Tloc       0%         N/A       100%        4
 Dispel Undead            Necr           0%         3d6       100%        4

Inventory:

Hand Weapons
 a - a +0 shortbow (weapon)
 y - the +2 trident "Ciebo" {spect, +Blink rC+ rN++ Stlth-}
   (You found it on level 5 of the Dungeon)

   rC+:       It protects you from cold.
   rN++:      It greatly protects you from negative energy.
   +Blink:    It lets you blink.
   Stlth-:    It makes you less stealthy.
Armour
 h - a +0 scale mail (worn)
 i - a +0 pair of gloves (worn)
 n - a +0 helmet (worn)
 o - a +0 cloak (worn)
Jewellery
 d - the ring "Lyegiech" (left hand) {rPois rCorr Slay+6}
   (You acquired it on level 4 of the Dungeon)

   [ring of poison resistance]

   Slay+6:    It affects your accuracy & damage with ranged weapons and melee
   (+6).
   rPois:     It protects you from poison.
   rCorr:     It protects you from acid and corrosion.
 w - a ring of resist corrosion (right hand)
Talismans
 s - a granite talisman
Scrolls
 b - 2 scrolls of butterflies
 c - 5 scrolls of identify {unknown}
 e - a scroll of immolation
 f - 2 scrolls of fog {unknown}
 j - a scroll of teleportation {unknown}
 m - 2 scrolls of noise
 p - a scroll of silence {unknown}
 r - a scroll of fear {unknown}
 t - a scroll of poison {unknown}
 v - a scroll of enchant weapon {unknown}
Potions
 g - 2 potions of attraction {unknown}
 k - 4 potions of curing {unknown}
 l - 2 potions of heal wounds {unknown}
 q - a potion of mutation {unknown}
 u - 2 potions of ambrosia {unknown}
 x - a potion of enlightenment {unknown}

Dungeon Overview and Level Annotations

Branches:
Dungeon (5/15) Zot: 26601   Sewer (visited)
 Temple: D:4-7

####### ##.....##
##.......######
#.............##
#..............##
#...............#
#.....§§§.......#
#..>..§.@.......#
.......§KlK......#
..#.......3.l.....# #
#.......)......##
#..........[...##
......)).......#########
...............##.<....#
...............#..##.###
.#.............#.## #


You could see a kobold demonologist (inner flame), a neqoxec (summoned, inner
flame), a kobold brigand (inner flame) and 2 iguanas.


Message History

Unknown command.
Unknown command.
Unknown command.
Fire: a) +0 shortbow
Press: ? - help, Shift-Dir - straight line, f - shadow imp, p - kobold brigand
Aim: a shadow imp (severely wounded, inner flame, 71% to hit)
You shoot an arrow. The kobold brigand is lightly wounded.
The iguana bites you.
The kobold demonologist looks encouraged for a moment.
The iguana barely misses you.
Unknown command.
Unknown command.
Unknown command.
You shoot an arrow. The shadow imp is severely wounded.
The shadow imp gestures at you. Pain shoots through your body!
The kobold demonologist completely misses you.
* * * LOW HITPOINT WARNING * * *
The iguana bites you but does no damage.
The kobold demonologist barely misses you.
The shadow imp gestures at you. Pain shoots through your body!
* * * LOW HITPOINT WARNING * * *
x2 Unknown command.
You shoot an arrow. The shadow imp explodes!
The fiery explosion engulfs you!!
You die...

Skill      XL: |  1  2  3  4  5  6  7 |
---------------+----------------------+-----
Stealth        | 1 2 3 4 |  4.5
Fighting       | 2 3 4 |  4.5
Ranged Weapons | 4 5 6 7 |  7.1
Dodging        | |  1.7

Action                     |  1- 3 |  4- 6 |  7- 9 || total
---------------------------+-------+-------+-------++-------
   Fire: Shortbow          |   136 |   112 |    37 ||   285
  Throw: Throwing net      |     1 |       |       ||     1
    Use: Scroll            |       |       |     3 ||     3
 Armour: Leather armour    |    15 |       |       ||    15
         Scale mail        |    61 |    46 |    32 ||   139
  Dodge: Dodged            |    39 |    22 |    12 ||    73

Levels and vault maps discovered:
D:1:      nzn_arrival_crosshair, layout_basic
D:2:      layout_rooms, hellmonk_ecumenical_altar_blasted
D:3:      layout_rooms, portal_sewer_entry_d
D:4:      layout_loops_corners, okawaru_gym_becter
D:5:      layout_rooms, minmay_temple_entry_drinking_statues, enter_ossuary_5,
          uniq_duvessa

Notes
Turn   | Place    | Note
-------+----------+-------------------------------------------
     0 | D:1      | Ruich the Demigod Hunter began the quest for the Orb.
     0 | D:1      | Reached XP level 1. HP: 17/17 MP: 3/3
    52 | D:1      | Reached skill level 1 in Stealth
   134 | D:1      | Reached skill level 2 in Fighting
   151 | D:1      | Reached XP level 2. HP: 24/24 MP: 4/4
   271 | D:1      | Reached skill level 4 in Ranged Weapons
  1201 | D:3      | Reached XP level 3. HP: 29/29 MP: 5/5
  1413 | D:3      | Found a glowing drain.
  1446 | Sewer    | Entered a sewer
  1533 | Sewer    | Noticed a crocodile
  1540 | Sewer    | Killed a crocodile
  1541 | Sewer    | Reached skill level 2 in Stealth
  1541 | Sewer    | Reached XP level 4. HP: 37/37 MP: 6/6
  1730 | D:3      | Reached skill level 5 in Ranged Weapons
  1730 | D:3      | Reached XP level 5. HP: 41/44 MP: 7/7
  1735 | D:3      | Reached skill level 3 in Fighting
  2013 | D:3      | HP: 4/45 [iguana (8)]
  2195 | D:4      | Reached skill level 3 in Stealth
  2372 | D:4      | Reached XP level 6. HP: 51/51 MP: 8/8
  2977 | D:4      | Reached skill level 6 in Ranged Weapons
  3020 | D:4      | Reached XP level 7. HP: 20/58 MP: 9/9
  3259 | D:4      | Reached skill level 4 in Fighting
  3354 | D:4      | Identified a scroll of acquirement
  3354 | D:4      | Acquired the ring "Lyegiech" {rPois rCorr Slay+6}
  3376 | D:5      | Entered Level 5 of the Dungeon
  3376 | D:5      | Noticed a kobold demonologist
  3376 | D:5      | Noticed a kobold demonologist
  3474 | D:5      | Reached skill level 4 in Stealth
  3481 | D:5      | Noticed a neqoxec
  3483 | D:5      | Killed a kobold demonologist
  3484 | D:5      | Reached skill level 7 in Ranged Weapons
  3493 | D:5      | Identified the +2 trident "Ciebo" {spect, +Blink rC+ rN++
                  | Stlth-}
  3529 | D:5      | Noticed a neqoxec
  3537 | D:5      | Killed by an exploding shadow imp... ignited by their inner
                  | flame

Vanquished Creatures
  A kobold demonologist (D:5)
  A crocodile (Sewer)
  An ogre (D:4)
  A phantom (D:4)
  2 scorpions
  2 bombardier beetles (D:4)
  An orc priest (D:4)
  2 hounds
  2 iguanas
  3 adders
  7 gnolls
  A shadow imp (D:5)
  4 dart slugs
  A ribbon worm (D:2)
  2 orcs (D:4)
  7 endoplasms
  3 giant cockroaches
  7 goblins
  2 hobgoblins
  5 jackals
  10 kobolds
  2 quokkas
  7 ball pythons
  2 bats (D:1)
  3 frilled lizards
  A rat (D:1)
80 creatures vanquished.

Table legend: (Time is in decaauts)
 A = Elapsed time spent in this place.
 B = Non-inter-level travel time spent in this place.
 C = Inter-level travel time spent in this place.
 D = Time resting spent in this place.
 E = Time spent auto-exploring this place.
 F = Levels seen in this place.
 G = Mean time per level.
                   A        B        C        D        E       F      G
               +--------+--------+--------+--------+--------+-----+--------+
         Total |   3666 |   3491 |    175 |    823 |   1859 |   6 |  611.0 |
       Dungeon |   3398 |   3223 |    175 |    700 |   1801 |   5 |  679.6 |
         Sewer |    267 |    267 |      0 |    123 |     58 |   1 |  267.0 |
               +--------+--------+--------+--------+--------+-----+--------+

Top non-repeatable levels by time:
     D:4: 1312 daAuts
     D:3: 907 daAuts
     D:1: 672 daAuts
     D:2: 400 daAuts
   Sewer: 267 daAuts
     D:5: 106 daAuts

Table legend:
 A = Non-vault XP
 B = Vault XP
 C = Vault XP percentage of total XP
 D = Non-vault monster count
 E = Vault monster count
 F = Vault count percentage of total count
                 A         B        C        D         E       F
            +---------+---------+-------+---------+---------+-------
      Total |    1327 |     152 |  10.3 |      75 |       5 |   6.2
            +---------+---------+-------+---------+---------+-------
        D:1 |      26 |       0 |   0.0 |      15 |       0 |   0.0
        D:2 |      15 |       0 |   0.0 |       8 |       0 |   0.0
        D:3 |     124 |      14 |  10.1 |      20 |       1 |   4.8
        D:4 |     626 |       0 |   0.0 |      25 |       0 |   0.0
        D:5 |     536 |       0 |   0.0 |       7 |       0 |   0.0
      Sewer |       0 |     138 | 100.0 |       0 |       4 | 100.0
            +---------+---------+-------+---------+---------+-------
